 Dungeon Crawl Stone Soup version 0.29.0-4-gdea44cf6ec (webtiles) character file.

Game seed: 10359489657949241120

137 qw the Chopper (level 5, 0/30 HPs)
             Began as a Tengu Warper on Aug 28, 2022.
             Was an Initiate of Okawaru.
             Slain by Sigmund
             ... wielding a +0 scythe
              (4 damage)
             ... on level 3 of the Dungeon.
             The game lasted 00:00:16 (2577 turns).

qw the Chopper (Tengu Warper)                       Turns: 2577, Time: 00:00:16

Health: 0/30       AC:  9    Str: 13    XL:     5   Next: 20%
Magic:  9/9        EV:  5    Int: 14    God:    Okawaru [......]
Gold:   416        SH:  8    Dex: 13    Spells: 8/8 levels left

rFire   . . .      SeeInvis .   d - +0 war axe
rCold   . . .      Faith    .   c - +0 kite shield
rNeg    . . .      Spirit   .   f - +0 chain mail
rPois   .          Reflect  .   (helmet restricted)
rElec   .          Harm     .   (no cloak)
rCorr   .          Rampage  .   m - +0 pair of gloves
Will    .....                   (boots unavailable)
Stlth   ..........              l - amulet of the acrobat
HPRegen 0.10/turn               (no ring)
MPRegen 0.11/turn               (no ring)

@: flying quickly and evasively, quick
A: beak, talons 3, nimble flight
a: Renounce Religion


You were on level 3 of the Dungeon.
You worshipped Okawaru.
Okawaru was noncommittal.
You visited 1 branch of the dungeon, and saw 3 of its levels.

You collected 438 gold pieces.
You spent 22 gold pieces at shops.


Innate Abilities, Weirdness & Mutations

You have a beak for a mouth.
You have claws for feet.
Your magical nature lets you fly swiftly and evasively.


   Skills:
 - Level 2.0 Fighting
 - Level 4.6 Axes
 - Level 1.0 Throwing
 - Level 1.1 Armour
 - Level 2.1 Dodging
 + Level 2.8 Shields
 - Level 2.0 Spellcasting
 - Level 2.4 Translocations


You had 8 spell levels left.
You didn't know any spells.
Your spell library contained the following spells:

 Spells                   Type           Power      Damage    Failure   Level
 Blink                    Tloc           16%        N/A       100%        2
 Gell's Gravitas          Tloc           8%         N/A       100%        3
 Lesser Beckoning         Tloc           8%         N/A       100%        3
 Teleport Other           Tloc           8%         N/A       100%        3
 Manifold Assault         Tloc           8%         N/A       100%        5

Inventory:

Hand Weapons
 d - a +0 war axe (weapon)
 h - a +0 club
Armour
 c - a +0 kite shield (worn)
 f - a +0 chain mail (worn)
 m - a +0 pair of gloves (worn)
Jewellery
 l - an amulet of the acrobat (around neck)
Scrolls
 b - a scroll of fear {unknown}
 e - 3 scrolls of identify
Potions
 a - a potion of ambrosia {unknown}
 g - 2 potions of magic
 i - a potion of resistance

Dungeon Overview and Level Annotations

Branches:
Dungeon (3/15)

Altars:
Okawaru

Shops:
D:1 *

Annotations:
D:3 Sigmund


Message History

Okawaru accepts your kill.
Sigmund the Dreaded comes into view.
He is wielding a +0 scythe.
You have reached level 5!
Your magical nature develops, letting you fly swiftly and evasively.
Sigmund shouts!
Sigmund flickers, as though insubstantial.
Sigmund casts a spell at you. The puff of flame misses you.
Found a rapier.
Sigmund casts a spell at you. The puff of flame hits you!
Found a ring mail.
You closely miss Sigmund. Your kick misses Sigmund.
Sigmund casts a spell at you. The puff of flame hits you.
Sigmund hits you with a +0 scythe!
2569 ||| DRINKING potion of heal wounds.
You feel much better.
You hit Sigmund.
Sigmund is lightly wounded.
Sigmund completely misses you.
You closely miss Sigmund. You claw Sigmund.
Sigmund is lightly wounded.
Sigmund casts a spell at you. The puff of flame hits you.
Sigmund hits you but does no damage.
You hit Sigmund but do no damage. You claw Sigmund, but do no damage.
Sigmund is lightly wounded.
Sigmund casts a spell.
Sigmund flickers and vanishes!
Deactivating autopickup; reactivate with Ctrl-A.
You slash something! Your kick misses something. Something hits you.
You miss something. Your kick misses something. Something hits you!
You slash something! Your kick misses something. Your peck misses something.
Something hits you.
You barely miss something. Something hits you.
You barely miss something. Your kick misses something. Something hits you.
You die...

.# .# ###.....[..... .#
.#...#......... .#
......)......... .#
................. .#
..)............... .####
.................# ....#
#.........{.........#...... ....#
#.........@..# .....#......
....##.............# .....#......
...................####..........
.............)...................
.................................
....##...........##>%............
....# ...........#...............
....##...........#............###
.................#.........##....


There were no monsters in sight!

Vanquished Creatures
  Jessica (D:3)
  Terence (D:3)
  An adder (D:3)
  2 worms (D:2)
  3 dart slugs
  12 ball pythons
  7 endoplasms
  4 giant cockroaches
  7 goblins
  6 hobgoblins
  2 jackals (D:1)
  2 quokkas
  7 bats
  5 kobolds
  4 rats
64 creatures vanquished.

Notes
Turn   | Place    | Note
-------+----------+-------------------------------------------
     0 | D:1      | qw the Tengu Warper began the quest for the Orb.
     0 | D:1      | Reached XP level 1. HP: 12/12 MP: 4/4
     0 | D:1      | 0 ||| qw: Version: 0.1-a-89-g26bdef1
     0 | D:1      | 0 ||| qw: Game counter: 2727
     0 | D:1      | 0 ||| qw: Always use a shield: true
     0 | D:1      | 0 ||| qw: God list: Okawaru
     0 | D:1      | 0 ||| qw: Allow faded altars: false
     0 | D:1      | 0 ||| qw: Do Orc after D:15 true
     0 | D:1      | 0 ||| qw: Do second Lair branch before Depths: true
     0 | D:1      | 0 ||| qw: Lair rune preference: random
     0 | D:1      | 0 ||| qw: Plans: Normal
     0 | D:1      | 0 ||| PLANNING D:1-11
    91 | D:1      | Reached XP level 2. HP: 15/17 MP: 6/6
    92 | D:1      | Reached skill level 3 in Axes
   355 | D:1      | 355 ||| Stepping ~*~*~tactically~*~*~ (stealth).
   454 | D:1      | Reached XP level 3. HP: 21/21 MP: 7/7
   710 | D:1      | 710 ||| Stepping ~*~*~tactically~*~*~ (stealth).
   777 | D:1      | 777 ||| Stepping ~*~*~tactically~*~*~ (stealth).
   823 | D:1      | 823 ||| Stepping ~*~*~tactically~*~*~ (stealth).
   824 | D:1      | 824 ||| Stepping ~*~*~tactically~*~*~ (stealth).
   831 | D:1      | Reached skill level 4 in Axes
   833 | D:1      | Found Vuthriwyu's Assorted Antiques.
   842 | D:1      | 842 ||| SHOPLISTING 2 glowing yellow potions (45 gold, have
                  | 39).
   842 | D:1      | 842 ||| BUYING fizzy inky potion (22 gold).
   842 | D:1      | Bought a fizzy inky potion for 22 gold pieces
   842 | D:1      | 842 ||| SHOPLISTING lumpy clear potion (22 gold, have 17).
   842 | D:1      | 842 ||| SHOPLISTING scroll labelled DEIMEI QIMEEMA (25
                  | gold, have 17).
   842 | D:1      | 842 ||| SHOPLISTING scroll labelled UCOKOGEUMECEWN (25
                  | gold, have 17).
   842 | D:1      | 842 ||| SHOPLISTING war axe (87 gold, have 17).
  1034 | D:1      | 1034 ||| UPGRADING to +0 chain mail.
  1044 | D:1      | 1044 ||| DROPPING +0 leather armour.
  1045 | D:1      | 1045 ||| UPGRADING to amulet of the acrobat.
  1057 | D:1      | 1057 ||| READING scroll labelled DEFEMY YKIBLICH.
  1058 | D:1      | 1058 ||| READING 2 scrolls labelled PIOTZI FINKENK.
  1059 | D:1      | 1059 ||| DROPPING scroll of blinking.
  1171 | D:2      | Found an iron altar of Okawaru.
  1179 | D:2      | Became a worshipper of Warmaster Okawaru
  1273 | D:2      | Found a faded altar of an unknown god.
  1443 | D:2      | Identified the +7 arbalest of Duobix {elec, Will+ Str+6}
  1970 | D:2      | Reached XP level 4. HP: 26/26 MP: 8/8
  1973 | D:2      | 1973 ||| Stepping ~*~*~tactically~*~*~ (hiding).
  1981 | D:2      | 1981 ||| STAIRDANCE
  1984 | D:1      | 1984 ||| UPGRADING to +0 kite shield.
  1989 | D:1      | 1989 ||| UPGRADING to +0 pair of gloves.
  1994 | D:1      | 1994 ||| READING scroll labelled UCOKOGEUMECEWN.
  1994 | D:1      | Identified a scroll of acquirement
  1994 | D:1      | 1994 ||| ACQUIRING 316 gold pieces
  1994 | D:1      | Acquired 316 gold pieces
  1996 | D:1      | 1996 ||| READING scroll labelled YNGINE JEFISTA.
  1997 | D:1      | 1997 ||| READING 2 scrolls labelled POUTOEPATUPT.
  1998 | D:1      | 1998 ||| READING scroll labelled TEURCHIP AZUNK.
  1999 | D:1      | 1999 ||| DRINKING 2 fizzy inky potions.
  2000 | D:1      | 2000 ||| READING 4 scrolls of identify.
  2000 | D:1      | 2000 ||| IDENTIFYING glowing golden potion
  2001 | D:1      | 2001 ||| READING 3 scrolls of identify.
  2001 | D:1      | 2001 ||| IDENTIFYING brown potion
  2002 | D:1      | 2002 ||| READING 2 scrolls of identify.
  2002 | D:1      | 2002 ||| IDENTIFYING fizzy orange potion
  2003 | D:1      | 2003 ||| DROPPING scroll of amnesia.
  2004 | D:1      | 2004 ||| DROPPING potion of attraction.
  2187 | D:3      | Reached skill level 1 in Shields
  2204 | D:3      | 2204 ||| FLEEEEING.
  2205 | D:3      | 2205 ||| FLEEEEING.
  2206 | D:3      | 2206 ||| FLEEEEING.
  2207 | D:3      | 2207 ||| FLEEEEING.
  2243 | D:3      | 2243 ||| FLEEEEING.
  2244 | D:3      | 2244 ||| FLEEEEING.
  2249 | D:3      | 2249 ||| STAIRDANCE
  2287 | D:2      | 2287 ||| READING 3 scrolls of identify.
  2287 | D:2      | 2287 ||| IDENTIFYING smoky golden potion
  2288 | D:2      | 2288 ||| DROPPING potion of invisibility.
  2407 | D:3      | 2407 ||| SWAPPING to +0 war axe.
  2408 | D:3      | 2408 ||| DROPPING +0 hand axe.
  2416 | D:3      | Noticed Jessica
  2423 | D:3      | Killed Jessica
  2479 | D:3      | Identified the +4 falchion of Compassion {vorpal, rF+ rC+}
  2501 | D:3      | 2501 ||| Stepping ~*~*~tactically~*~*~ (stealth).
  2505 | D:3      | 2505 ||| Stepping ~*~*~tactically~*~*~ (stealth).
  2549 | D:3      | Noticed Terence
  2563 | D:3      | Killed Terence
  2563 | D:3      | Noticed Sigmund
  2564 | D:3      | Gained mutation: Your magical nature lets you fly swiftly
                  | and evasively. [Tengu growth]
  2564 | D:3      | Reached XP level 5. HP: 26/30 MP: 9/9
  2568 | D:3      | HP: 4/30 [Sigmund/+0 scythe (10)]
  2569 | D:3      | 2569 ||| DRINKING potion of heal wounds.
  2576 | D:3      | HP: 4/30 [something (5)]
  2577 | D:3      | Slain by Sigmund

Levels and vault maps discovered:
D:1:      onia_arrival_handbag, layout_loops_corners, serial_shops,
          nicolae_shop_temple_entry_statues_fountains
D:2:      layout_loops_corners, ebering_ecumenical_altar_rust, basic_altar,
          kennysheep_generic_room_12
D:3:      layout_basic, minmay_misc_feat_more_columns, uniq_terence,
          uniq_sigmund, uniq_jessica

Skill      XL: |  1  2  3  4 |
---------------+-------------+-----
Axes           | 3 4 |  4.6
Shields        | 2 |  2.8
Fighting       | |  2.0
Throwing       | |  1.0
Armour         | |  1.1
Dodging        | |  2.1
Spellcasting   | |  2.0
Translocations | |  2.4

Action                   |  1- 3 |  4- 6 || total
-------------------------+-------+-------++-------
Melee: Hand axe          |    68 |    33 ||   101
       Kick              |    14 |    16 ||    30
       Punch             |     1 |       ||     1
       Peck              |     8 |     8 ||    16
       War axe           |       |    27 ||    27
Throw: Boomerang         |     7 |       ||     7
  Use: Scroll            |     2 |     8 ||    10
       Potion            |       |     2 ||     2
Armor: Leather armour    |     9 |       ||     9
       Chain mail        |     6 |    24 ||    30
Dodge: Dodged            |    18 |    17 ||    35
Block: Kite shield       |       |    12 ||    12

Table legend:
 A = Non-vault XP
 B = Vault XP
 C = Vault XP percentage of total XP
 D = Non-vault monster count
 E = Vault monster count
 F = Vault count percentage of total count
                 A         B        C        D         E       F
            +---------+---------+-------+---------+---------+-------
      Total |     122 |      74 |  37.8 |      58 |       6 |   9.4
            +---------+---------+-------+---------+---------+-------
        D:1 |      49 |       5 |   9.3 |      28 |       4 |  12.5
        D:2 |      39 |       0 |   0.0 |      16 |       0 |   0.0
        D:3 |      34 |      69 |  67.0 |      14 |       2 |  12.5
            +---------+---------+-------+---------+---------+-------
